 Dungeon Crawl Stone Soup version 0.23.2-30-g0e89c35649 (webtiles) character file.

Game seed: 5363831688623880084

375 xelsha the Skirmisher (level 6, -1/43 HPs)
             Began as an Octopode Fighter on June 17, 2019.
             Slain by an ogre
             ... wielding a +0 giant club
              (29 damage)
             ... on level 4 of the Dungeon.
             The game lasted 00:09:24 (3329 turns).

xelsha the Skirmisher (Octopode Fighter)            Turns: 3329, Time: 00:09:25

Health: -1/43      AC:  1    Str: 15    XL:     6   Next: 73%
Magic:  9/9        EV: 12    Int: 13    God:
Gold:   161        SH:  9    Dex: 11    Spells: 9/9 levels left

rFire    + . .     SeeInvis +   a - +0 trident
rCold    . . .     Gourm    .   b - +0 shield
rNeg     . . .     Faith    .   (helmet restricted)
rPois    +         Spirit   .   p - amulet of regeneration
rElec    .         Reflect  .   y - ring of see invisible
rCorr    .         Harm     .   m - ring of protection from fire
MR       .....                  z - ring of poison resistance
Stlth    ++........             (no ring)
HPRegen  0.54/turn              (no ring)
MPRegen  0.11/turn              (no ring)
                                (no ring)
                                (no ring)

@: no status effects
A: almost no armour, stealthy swim, amphibious, 8 rings, constrict 8, camouflage
1, gelatinous body 1
a: no special abilities


You were on level 4 of the Dungeon.
You were not hungry.

You visited 1 branch of the dungeon, and saw 4 of its levels.

You collected 161 gold pieces.

Inventory:

Hand Weapons
 a - a +0 trident (weapon)
 u - a +1 flail of venom
Missiles
 g - 11 sling bullets
Armour
 b - a +0 shield (worn)
Jewellery
 m - a ring of protection from fire (right tentacle)
 p - an amulet of regeneration (around mantle)
 y - a ring of see invisible (left tentacle)
 z - a ring of poison resistance (on tentacle)
Wands
 n - a wand of flame (8)
Scrolls
 e - a scroll of identify
 f - 4 scrolls of remove curse
 l - 4 scrolls of teleportation
 o - a scroll of random uselessness {unknown}
 v - a scroll of magic mapping {unknown}
 w - a scroll of fear {unknown}
 x - 2 scrolls of enchant armour {unknown}
Potions
 c - 4 potions of might
 h - 2 potions of flight {unknown}
 j - a potion of resistance
 k - a potion of brilliance {unknown}
 q - a potion of haste {unknown}
 r - 2 potions of berserk rage {unknown}
 s - 4 potions of curing
 t - 4 potions of agility {unknown}
 B - a potion of heal wounds {unknown}
Comestibles
 d - 6 rations
 i - 2 chunks of flesh


   Skills:
 + Level 4.2 Fighting
 + Level 3.5 Polearms
 + Level 4.1 Dodging
 + Level 4.1 Shields
 + Level 2.4 Spellcasting


You had 9 spell levels left.
You didn't know any spells.
Your spell library was empty.

Dungeon Overview and Level Annotations

Branches:
Dungeon (4/15)
 Temple: D:4-7

Altars:
Gozag
Vehumet
Xom


Innate Abilities, Weirdness & Mutations

You cannot wear most types of armour.
You are very stealthy in the water. (Stealth+)
You are amphibious.
You can wear up to eight rings at the same time.
You can use your tentacles to constrict eight enemies at once.
Your skin changes colour to match your surroundings (Stealth+).
Your rubbery body absorbs attacks. (AC +1, EV +1)


Message History

You hit the ogre but do no damage. You block the ogre's attack.
You barely miss the ogre.
The ogre hits you with a +0 giant club!!
You hit the ogre. You squeeze the ogre!
The ogre is moderately wounded.
The ogre closely misses you.
You closely miss the ogre.
The ogre is moderately wounded.
The ogre closely misses you.
You hit the ogre but do no damage.
The ogre is moderately wounded.
The ogre closely misses you.
You hit the ogre.
The ogre is heavily wounded.
The ogre barely misses you.
You hit the ogre.
The ogre is severely wounded.
The ogre hits you with a +0 giant club!!
Ouch! That really hurt!
You die...

#.........................
#.........................
#.........................
#.........................
###......................... #
##........................... ##
##............................
.###.)...........................
#.#.............@......####......
#................O.......###.....
##...............†........###....
#.########.................##...
#.# #####......#........... ##.#
####..####........# #..# #..#
###.....## ..)## #..## ##......
###.## #..# ####......


You could see an ogre.

Vanquished Creatures
  A centaur zombie (D:3)
  A crimson imp (D:2)
  2 bullfrog skeletons (D:4)
  Jessica (D:2)
  An iguana (D:4)
  A worker ant (D:4)
  A hound skeleton (D:4)
  Robin (D:3)
  2 adders (D:2)
  3 gnolls (D:2)
  2 oozes
  An adder skeleton (D:4)
  A dart slug (D:1)
  A leopard gecko (D:1)
  8 orcs
  2 ball pythons
  8 bats
  4 giant cockroaches
  16 goblins
  11 hobgoblins
  4 kobolds
  A quokka (D:3)
  6 frilled lizards
  10 rats
89 creatures vanquished.

Notes
Turn   | Place    | Note
-------+----------+-------------------------------------------
     0 | D:1      | xelsha the Octopode Fighter began the quest for the Orb.
     0 | D:1      | Reached XP level 1. HP: 16/16 MP: 1/1
    78 | D:1      | Reached XP level 2. HP: 18/21 MP: 2/2
   684 | D:1      | Reached XP level 3. HP: 26/26 MP: 4/4
   929 | D:2      | Found a shimmering altar of Xom.
   967 | D:2      | Reached skill level 1 in Spellcasting
   967 | D:2      | Reached XP level 4. HP: 25/31 MP: 5/5
  1272 | D:2      | Noticed Jessica
  1278 | D:2      | Killed Jessica
  1278 | D:2      | Reached XP level 5. HP: 20/37 MP: 7/7
  1694 | D:2      | Found a faded altar of an unknown god.
  1845 | D:3      | Noticed Robin
  2419 | D:3      | Found a radiant altar of Vehumet.
  2425 | D:3      | Reached XP level 6. HP: 43/43 MP: 9/9
  2570 | D:3      | Killed Robin
  3269 | D:4      | Found an opulent altar of Gozag.
  3329 | D:4      | Slain by an ogre

Skill      XL: |  1  2  3  4  5  6 |
---------------+-------------------+-----
Spellcasting   | 1 2 |  2.4
Polearms       | 3 |  3.5
Fighting       | 4 |  4.2
Shields        | 4 |  4.1
Dodging        | 4 |  4.1

Action                   |  1- 3 |  4- 6 || total
-------------------------+-------+-------++-------
Melee: Trident           |    62 |   139 ||   201
       Constrict         |    17 |    30 ||    47
       Tentacles         |    12 |    20 ||    32
       Flail             |       |     4 ||     4
  Use: Scroll            |       |     7 ||     7
       Potion            |       |     1 ||     1
 Stab: Sleeping          |     4 |     8 ||    12
  Eat: Chunk             |       |     8 ||     8
Armor: Skin              |     2 |     8 ||    10
Dodge: Dodged            |    17 |    60 ||    77
Block: Shield            |    13 |    55 ||    68
